AoeStats
← VeteRocha

Migration

509918425Analyzed
1v1 RM · 4d ago on Sep 28, 2026· 57m 11s· 2 players
Game mode
Random Map
Map size
132×132
Population
200
Speed
Normal
Resources
Standard
Victory
Conquest
Starting age
Dark Age
Ending age
Imperial Age
RankedLock teamsTeams togetherTeam positionsShared explorationLock speedFull tech treeHidden civsTurbo modeCheats
Victory
Defeat
🇦🇷 Sicilians · Argentina
1087
+15
🇮🇱 Burmese · Israel
1069
-15
Dark_Wave
10:00 Loom
12:07 Feudal Age
12:42 Fishing Lines
14:55 Forging
16:00 Man-at-Arms
18:23 Stone Mining
25:42 Castle Age
25:51 Long Swordsman
29:27 Squires
33:11 Arson
35:41 Gold Mining
37:01 Scale Mail Armor
37:48 Gillnets
40:12 Iron Casting
40:55 Chain Mail Armor
45:00 Wheelbarrow
VeteRocha
3:19 Loom
11:02 Feudal Age
12:06 Double-Bit Axe
12:41 Forging
12:23 Fletching
17:37 Scale Mail Armor
25:14 Castle Age
29:11 Iron Casting
28:51 Chain Mail Armor
37:21 Imperial Age
51:19 Blast Furnace
51:52 Plate Mail Armor
Connection lost

Rejoining the realm…

Still unreachable

The connection could not be restored.

Session expired

The server has moved on; the page needs a fresh start.